 Dungeon Crawl Stone Soup version 0.31-a0-43-g46d131a48f (webtiles) character file.

Game seed: 7534646380364956575

26 lunkers the Charlatan (level 3, -1/26 HPs)
             Began as a Meteoran Wanderer on May 18, 2023.
             Slain by a rat (3 damage)
             ... on level 2 of the Dungeon.
             The game lasted 00:01:07 (272 turns).

lunkers the Charlatan (Meteoran Wanderer)            Turns: 272, Time: 00:01:07

Health: -1/26      AC:  6    Str: 12    XL:     3   Next: 41%
Magic:  6/6        EV: 10    Int: 14    God:
Gold:   14         SH:  5    Dex: 16    Spells: 3/4 levels left

rFire   . .          .
                       - Unarmed
rCold   . . .        e - +0 buckler {AC+3}
rNeg    . . .        n - +0 leather armour {Will+}
rPois   .            i - melded +1 helmet
rElec   .            (no cloak)
rCorr   .            (no gloves)
SInv    .            (boots currently unavailable)
Will    +....        (no amulet)
Stlth   +            (no ring)
HPRegen 0.24/turn    (no ring)
MPRegen 0.10/turn

%: no passive effects
@: lethally poisoned (-1 -> -3), appendages (expiring), glowing
A: horns 2, talons 2, sense surroundings 1, otherworldly, glowing, explore regen
a: End Transformation


You were on level 2 of the Dungeon.
You had temporarily grown beastly horns and talons.
You visited 1 branch of the dungeon, and saw 2 of its levels.

You collected 14 gold pieces.

Inventory:

Hand Weapons
 a - a +0 dagger
Armour
 d - a +0 robe
 e - a +0 buckler of protection (worn)
 i - a +1 helmet (melded)
 n - a +0 leather armour of willpower (worn)
Scrolls
 c - a scroll of blinking
 f - a scroll of fog {unknown}
 j - a scroll of amnesia {unknown}
 m - a scroll of enchant armour {unknown}
Potions
 g - a potion of degeneration {unknown}
 h - 2 potions of heal wounds {unknown}
 k - a potion of mutation {unknown}
 l - a potion of berserk rage {unknown}
Miscellaneous
 b - a piece from Xom's chessboard (15/15)


   Skills:
 - Level 3.6 Shields
 + Level 3.2 Unarmed Combat
 - Level 1.3 Spellcasting
 - Level 3.6 Transmutations
 - Level 3.6 Evocations


You had 3 spell levels left.
You knew the following spells:

 Your Spells              Type           Power      Damage    Failure   Level
p - Beastly Appendage     Tmut           22%        N/A       11%         1

Your spell library contained the following spells:

 Spells                   Type           Power      Damage    Failure   Level
 Necrotise                Necr           0%         1d4       41%         1
 Ignite Poison            Fire/Tmut/Pois 4%         N/A       63%         3
 Vampiric Draining        Necr           0%         2d6       80%         3
 Agony                    Necr           0%         N/A       100%        5


Dungeon Overview and Level Annotations

Branches:
Dungeon (2/15) Zot: 926

Altars:


Innate Abilities, Weirdness & Mutations

You have temporarily grown beastly horns and talons.
You passively map a small area around you.
You are easily found by Zot.
You glow in the dark.
You regain HP and MP as you explore.


Message History

The jackal bites you but does no damage.
The adder bites you.
* * * LOW HITPOINT WARNING * * *
You are more poisoned.
The adder poisons you! The jackal barely misses you.
Casting: Beastly Appendage (safe; 11% risk of failure)
Confirm with . or Enter, or press ? or * to list all spells.
You grow a pair of large bovine horns.
Your feet morph into talons.
Your +1 helmet melds into your body.
You feel sick. You block the rat's attack. You block the adder's attack.
The jackal bites you but does no damage.
Unknown command.
You barely miss the adder.
The adder is severely wounded.
You feel sick.
The jackal bites you but does no damage.
The adder barely misses you. The rat completely misses you.
The jackal bites you.
* * * LOW HITPOINT WARNING * * *
The rat bites you.
* * * LOW HITPOINT WARNING * * *
You block the adder's attack.
You hit the adder.
The adder is almost dead.
* * * LOW HITPOINT WARNING * * *
You feel sick. You block the jackal's attack.
The adder bites you but does no damage. You block the rat's attack.
You miss the adder. Your headbutt misses the adder.
The adder is almost dead.
You feel sick. The jackal barely misses you. The adder barely misses you.
The rat bites you.
* * * LOW HITPOINT WARNING * * *
You hit the adder.
You kill the adder!
Your transformation is almost over.
* * * LOW HITPOINT WARNING * * *
You feel sick.
The jackal bites you but does no damage.
You block the jackal's attack. The rat bites you.
You die...

##### , , #...###, ,
#...##. ,, , * +##
#...##.############ ....
#...##............#.....
....##............#.....,
....##..................
....###.........r?......
................@h.>....
*
....###..........!......
...............#.##.....
* #...############...
.... ##### ####. ### * ..
, . , , * ,


You could see a jackal and a rat.

Vanquished Creatures
  2 adders (D:2)
  A worm (D:2)
  2 endoplasms (D:2)
  A giant cockroach (D:1)
  A goblin (D:2)
  2 hobgoblins (D:1)
  A jackal (D:2)
  2 kobolds (D:1)
  A quokka (D:1)
  A ball python (D:2)
14 creatures vanquished.

Notes
Turn   | Place    | Note
-------+----------+-------------------------------------------
     0 | D:1      | lunkers the Meteoran Wanderer began the quest for the Orb.
     0 | D:1      | lunkers set off with the following items: a +0 dagger, a
                  | piece from Xom's chessboard (15/15), a scroll of blinking,
                  | a +0 robe, a +0 buckler of protection; and the following
                  | spell memorised: Beastly Appendage; and the following
                  | spells available to memorise: Ignite Poison.
     0 | D:1      | Reached XP level 1. HP: 14/14 MP: 3/3
    85 | D:1      | Reached skill level 1 in Unarmed Combat
   128 | D:1      | Reached XP level 2. HP: 20/20 MP: 5/5
   181 | D:2      | Reached XP level 3. HP: 26/26 MP: 4/6
   272 | D:2      | Slain by a rat

Illustrated notes

Levels and vault maps discovered:
D:1:      wheals_arrival_shading, layout_loops_cross
D:2:      layout_basic

Skill      XL: |  1  2  3 |
---------------+----------+-----
Unarmed Combat | 1 2 3 |  3.2
Shields        | |  3.6
Spellcasting   | |  1.3
Transmutations | |  3.6
Evocations     | |  3.6

Action                     || total
---------------------------++-------
  Melee: Unarmed           ||    78
         Headbutt          ||     1
         Kick              ||     4
   Cast: Beastly Appendage ||     5
 Armour: Robe              ||    26
         Leather armour    ||    23
  Dodge: Dodged            ||    35
  Block: Buckler           ||    25

Table legend: (Time is in decaauts)
 A = Elapsed time spent in this place.
 B = Non-inter-level travel time spent in this place.
 C = Inter-level travel time spent in this place.
 D = Time resting spent in this place.
 E = Time spent auto-exploring this place.
 F = Levels seen in this place.
 G = Mean time per level.
                   A        B        C        D        E       F      G
               +--------+--------+--------+--------+--------+-----+--------+
         Total |    272 |    272 |      0 |      0 |    106 |   2 |  136.0 |
       Dungeon |    272 |    272 |      0 |      0 |    106 |   2 |  136.0 |
               +--------+--------+--------+--------+--------+-----+--------+

Top non-repeatable levels by time:
     D:1: 172 daAuts
     D:2: 99 daAuts
